cohdb
Replays
Latest Replays
All Replays
Popular Replays
Top Player Replays
Match Explorer
How It Works
Community
CoH3 Stats
Reddit
Sign in to upload your games and track your stats! →
Sign in with Steam
Match 44731106
Unlisted
Match 44731106
Overview
Messages
Build Orders
End
Construct Weapon Support Center
Engineer Squad
Selects Advanced Infantry Battlegroup
M1919 Machine Gun Team
Bazooka Squad
M1919 Machine Gun Team
Construct Barracks
Riflemen Squad
Construct Medical Station
Riflemen Squad
Infantry Support Center
Selects Convert to Ranger Squad
Selects Designate Assault Position
Grenade Package
Convert to Ranger Squad
mayham_iZ4
xxxxxxx
Gwangju's Hero Chun Doo-gwang
neet
0
0
Comments
sign in to comment!
No comments posted yet!